 Dungeon Crawl Stone Soup version 0.30-a0-39-g42789b21ef (webtiles) character file.

Game seed: 13154813709527164568

2454 ytrimaz the Ducker (level 9, -2/53 HPs)
             Began as an Octopode Transmuter on Aug 28, 2022.
             Was a Follower of Ashenzari.
             Slain by a lava snake (4 damage)
             ... on level 7 of the Dungeon.
             The game lasted 00:10:27 (9287 turns).

ytrimaz the Ducker (Octopode Transmuter)            Turns: 9287, Time: 00:10:28

Health: -2/53      AC:  2    Str:  9    XL:     9   Next: 50%
Magic:  13/18      EV: 24    Int: 19    God:    Ashenzari [*.....]
Gold:   365        SH:  0    Dex: 18    Spells: 10/20 levels left

rFire   . . .      SeeInvis .      - Unarmed
rCold   . . .      Faith    .    (shield currently unavailable)
rNeg    . . .      Spirit   .    (helmet currently unavailable)
rPois   x          Reflect  .    (no amulet)
rElec   .          Harm     .    m - ring of Star-Bound Wisdom {Slay+4, Elem, Melee} (curse)
rCorr   .          Rampage  .    q - ring of Supernal Knowledge {Wiz, Comp, Melee} (curse)
Will    .....                    l - ring of flight
Stlth   ++........               (no ring)
HPRegen 0.17/turn                (no ring)
MPRegen 0.16/turn                (no ring)
                                 (no ring)
                                 (no ring)

@: mighty, spider-form, wereblooded, flying, hasted, very quick
A: venomous fangs, almost no armour, (amphibious), 8 rings, tiny, (camouflage
1), (gelatinous body 1), (nimble swimmer 1), (tentacles)
a: End Transformation, Renounce Religion, Shatter the Chains


You were on level 7 of the Dungeon.
You worshipped Ashenzari.
Ashenzari was aware of your devotion.
You were a venomous arachnid creature.
You visited 1 branch of the dungeon, and saw 7 of its levels.

You collected 365 gold pieces.

Inventory:

Missiles
 c - a throwing net
Armour
 k - the cursed +2 hat "Omniscient Submission" (melded) {Stlth+, Melee, Elem}
   (You found it on level 2 of the Dungeon)

   It has a curse which improves the following skills: Melee Combat: Short
   Blades, Long Blades, Axes, Maces & Flails, Polearms, Staves and Unarmed
   Combat.
   Elements:  Fire Magic, Ice Magic, Air Magic and Earth Magic.
Jewellery
 l - a ring of flight (on tentacle)
 m - the cursed ring of Star-Bound Wisdom (left front leg) {Slay+4, Elem, Melee}
   (You found it on level 2 of the Dungeon)

   [ring of slaying]

   Slay:      It affects your accuracy & damage with ranged weapons and melee
   (+4).
   It has a curse which improves the following skills: Elements: Fire Magic, Ice
   Magic, Air Magic and Earth Magic.
   Melee Combat: Short Blades, Long Blades, Axes, Maces & Flails, Polearms,
   Staves and Unarmed Combat.
 q - the cursed ring of Supernal Knowledge (right front leg) {Wiz, Comp, Melee}
   (You took it off an orc on level 4 of the Dungeon)

   [ring of wizardry]

   It improves your spell success rate.
   It has a curse which improves the following skills: Companions: Summonings
   and Necromancy.
   Melee Combat: Short Blades, Long Blades, Axes, Maces & Flails, Polearms,
   Staves and Unarmed Combat.
Wands
 u - a wand of flame (2)
Scrolls
 e - 2 scrolls of enchant armour
 f - 3 scrolls of teleportation
 j - a scroll of brand weapon
 n - a scroll of poison
 r - a scroll of fear
Potions
 b - 2 potions of brilliance
 d - a potion of invisibility
 g - a potion of mutation
 h - a potion of might
 i - 2 potions of haste
 o - 6 potions of curing
 p - 2 potions of flight
 t - 2 potions of magic


   Skills:
 - Level 1.0 Fighting
 + Level 7.2 Dodging
 - Level 3.0(4.1) Unarmed Combat
 + Level 6.1 Spellcasting
 + Level 6.5 Transmutations
 - Level 3.6(4.4) Ice Magic
 - Level 4.0 Poison Magic


You had 10 spell levels left.
You knew the following spells:

 Your Spells              Type           Power      Damage    Failure   Level
a - Beastly Appendage     Tmut           60%        N/A       1%          1
b - Wereblood             Tmut           30%        N/A       2%          2
c - Spider Form           Tmut/Pois      25%        N/A       4%          3
d - Ice Form              Ice/Tmut       26%        N/A       12%         4

Your spell library contained the following spells:

 Spells                   Type           Power      Damage    Failure   Level
 Ozocubu's Armour         Ice            22%        N/A       6%          3
 Shock                    Conj/Air       24%        1d4       11%         1
 Swiftness                Air            6%         N/A       26%         3
 Airstrike                Air            3%         2d(1-17)  54%         4
 Metabolic Englaciation   Hex/Ice        7%         N/A       58%         5
 Simulacrum               Ice/Necr       7%         N/A       97%         6


Dungeon Overview and Level Annotations

Branches:
Dungeon (7/15)             Temple (0/1) D:5

Altars:
Ashenzari
Cheibriados
Dithmenos
Kikubaaqudgha
Uskayaw
Xom
Zin
The Shining One

Shops:
D:5 :   D:7 :


Innate Abilities, Weirdness & Mutations

You are a venomous arachnid creature.
You have poisonous fangs.
You are tiny and dextrous.
Your spellcasting is less reliable in this form.
Your armour is entirely melded.
You are incapable of wielding weapons or throwing items.
You cannot wear most types of armour.
((You are amphibious.))
You can wear up to eight rings at the same time.
((Your skin changes colour to match your surroundings (Stealth+).))
((Your rubbery body absorbs attacks. (AC +1, EV +1)))
((You are camouflaged when in or above water. (Stealth+)))
((You have tentacles for arms and can constrict up to eight enemies at once.))


Message History

You hit the orc warrior. You freeze the orc warrior.
You feel a bit better.
You kill the orc warrior!
Unknown command.
You feel much better.
The orc priest calls down the wrath of Beogh upon you.
You struggle to resist.
The orc priest calls down the wrath of Beogh upon you.
Pain shoots through your body!
Things that are here:
a +0 dire flail; a +1 plate armour of cold resistance; an orc corpse You punch the orc priest!
You freeze the orc priest!
You feel a bit better.
You kill the orc priest!
The orc barely misses you. x2
You see here a +0 club.
You barely miss the orc. The orc hits you but does no damage.
The orc misses you.
You punch the orc! You freeze the orc.
You feel a bit better.
You kill the orc!
You punch the orc! You freeze the orc.
You feel a bit better.
You kill the orc!
Things that are here:
a +0 hand axe; a +0 leather armour
Casting: Wereblood (safe; 1% risk of failure)
Confirm with . or Enter, or press ? or * to list all spells.
You warm up again.
The cursed +2 hat "Omniscient Submission" {Stlth+, Melee, Elem} unmelds from your body.
You feel stealthy.
You turn into a venomous arachnid creature.
The cursed +2 hat "Omniscient Submission" {Stlth+, Melee, Elem} melds into your body.
You feel less stealthy.
You hiss as the wereblood boils in your veins!
The lava snake spits lava at you. The glob of lava hits you!!
* * * LOW HITPOINT WARNING * * *
The lava snake closely misses you.
You barely miss the lava snake. You closely miss the lava snake.
You hiss as the wereblood boils in your veins!
The lava snake bites you.
You die...

≈≈.≈≈ ##≈.≈### ≈#≈.≈#≈
.# ..... ..≈ #≈.≈#
..≈#####≈.≈#####≈
..≈≈≈≈≈≈≈.S≈≈≈≈≈≈
........)s#
.........## .##....)#
#...))######
##...#)....#
#...#.....#
#...#.....#
#...#.....#
######...#.....#######


You could see a lava snake.

Vanquished Creatures
  3 orc warriors (D:7)
  A sky beast (D:7)
  2 black bears
  4 ogres
  A phantom (D:4)
  A kobold brigand (D:7)
  4 bullfrogs (D:7)
  A gnoll sergeant (D:5)
  3 scorpions
  A necrophage (D:5)
  3 jellies
  5 hounds
  2 orc priests
  An iron imp (D:6)
  4 orc wizards
  5 iguanas
  10 gnolls
  8 adders
  A white imp (D:7)
  3 dart slugs
  32 orcs
  3 bats (D:1)
  4 endoplasms
  6 goblins
  6 hobgoblins
  2 jackals (D:4)
  5 quokkas
  3 ball pythons (D:1)
  2 frilled lizards (D:3)
  15 kobolds
  6 rats
147 creatures vanquished.

Notes
Turn   | Place    | Note
-------+----------+-------------------------------------------
     0 | D:1      | ytrimaz the Octopode Transmuter began the quest for the
                  | Orb.
     0 | D:1      | Reached XP level 1. HP: 13/13 MP: 3/3
   534 | D:1      | Reached XP level 2. HP: 18/18 MP: 3/5
   731 | D:1      | Reached skill level 3 in Dodging
   980 | D:1      | Reached XP level 3. HP: 23/23 MP: 4/6
  1026 | D:1      | Learned a level 2 spell: Wereblood
  1030 | D:1      | Learned a level 3 spell: Spider Form
  1158 | D:1      | Found a faded altar of an unknown god.
  1581 | D:2      | Reached skill level 1 in Poison Magic
  2171 | D:2      | Reached XP level 4. HP: 27/28 MP: 5/7
  2942 | D:3      | Reached XP level 5. HP: 25/33 MP: 5/8
  3338 | D:4      | Noticed a phantom
  3395 | D:4      | Found a broken altar of Ashenzari.
  3490 | D:4      | Became a worshipper of Ashenzari the Shackled
  3660 | D:4      | Reached skill level 4 in Dodging
  3872 | D:4      | Reached XP level 6. HP: 38/38 MP: 7/10
  4030 | D:4      | Noticed a black bear
  4038 | D:4      | Killed a black bear
  4254 | D:4      | Learned a level 4 spell: Ice Form
  4295 | D:4      | Reached XP level 7. HP: 43/43 MP: 2/12
  4531 | D:4      | Found a glowing silver altar of Zin.
  4643 | D:4      | Found a shimmering altar of Xom.
  5076 | D:5      | Entered Level 5 of the Dungeon
  5088 | D:5      | Found a hide-covered altar of Uskayaw.
  5123 | D:5      | Reached skill level 5 in Dodging
  5284 | D:5      | Reached skill level 1 in Ice Magic
  5472 | D:5      | Found Deoqon's Book Shoppe.
  5643 | D:5      | Reached XP level 8. HP: 48/48 MP: 10/14
  5671 | D:5      | Found a staircase to the Ecumenical Temple.
  6737 | D:5      | Reached skill level 5 in Transmutations
  7138 | D:6      | Reached skill level 6 in Dodging
  7295 | D:6      | Found a shadowy altar of Dithmenos.
  7338 | D:6      | Found a snail-covered altar of Cheibriados.
  7487 | D:6      | Reached skill level 5 in Spellcasting
  7754 | D:6      | Found an ancient bone altar of Kikubaaqudgha.
  8038 | D:6      | Reached * piety under Ashenzari
  8085 | D:7      | Reached XP level 9. HP: 53/53 MP: 10/17
  8158 | D:7      | Found Tocvemp's Tremendous Tomes.
  8450 | D:7      | Found a glowing golden altar of the Shining One.
  8664 | D:7      | Reached skill level 7 in Dodging
  9273 | D:7      | HP: 1/63 [orc warrior/+0 dire flail (9)]
  9283 | D:7      | Identified the cursed +2 hat "Omniscient Submission"
                  | {Stlth+, Melee, Elem} (You found it on level 2 of the
                  | Dungeon)
  9284 | D:7      | HP: 1/53 [lava snake/glob of lava (22)]
  9287 | D:7      | Slain by a lava snake

Illustrated notes

Levels and vault maps discovered:
D:1:      sevenhm_arrival_forest_fort_large_3, layout_basic,
          hellmonk_ecumenical_altar_pennies_from_heaven, minmay_quantized
D:2:      layout_basic, kennysheep_path_1
D:3:      layout_loops_ring
D:4:      layout_loops_ring, zin_scriptorium, xom_teletrap_fun,
          mainiacjoe_overflow_surrounded_room, grunt_ministairs_4
D:5:      layout_loops_corners, mainiacjoe_overflow_alcove_2,
          minmay_temple_entry_stoned_glass, nicolae_take_the_stairs,
          kennysheep_doodads
D:6:      layout_rooms, slow_altar_2, kiku_gazebo_pond_becter,
          nicolae_dithmenos_the_darkroom, nicolae_kite_square_tiling_tiny
D:7:      layout_basic, nicolae_overflow_two_pavilions,
          nicolae_tso_swordbearing_angel, nicolae_shop_i_like_big_books

Skill      XL: |  1  2  3  4  5  6  7  8  9 |
---------------+----------------------------+-----
Dodging        | 3 4 5 6 7 |  7.2
Poison Magic   | 1 2 3 4 |  4.0
Spellcasting   | 3 4 5 6 |  6.1
Transmutations | 3 4 5 6 |  6.5
Ice Magic      | 1 3 |  3.6
Fighting       | |  1.0
Unarmed Combat | |  3.0

Action                   |  1- 3 |  4- 6 |  7- 9 || total
-------------------------+-------+-------+-------++-------
Melee: Unarmed           |    70 |   100 |   227 ||   397
       Kick              |    12 |       |       ||    12
       Constrict         |     9 |     5 |       ||    14
       Tentacles         |     5 |     5 |       ||    10
 Cast: Beastly Appendage |    19 |    11 |     2 ||    32
       Spider Form       |     3 |    11 |    22 ||    36
       Wereblood         |       |     1 |     7 ||     8
       Ice Form          |       |     1 |    11 ||    12
Invok: Curse Item        |       |       |     3 ||     3
  Use: Scroll            |     3 |     4 |    12 ||    19
       Potion            |       |     1 |     5 ||     6
 Stab: Sleeping          |     9 |     2 |       ||    11
Armor: Skin              |     7 |     4 |    31 ||    42
Dodge: Dodged            |    50 |    81 |   169 ||   300

Table legend: (Time is in decaauts)
 A = Elapsed time spent in this place.
 B = Non-inter-level travel time spent in this place.
 C = Inter-level travel time spent in this place.
 D = Time resting spent in this place.
 E = Time spent auto-exploring this place.
 F = Levels seen in this place.
 G = Mean time per level.
                   A        B        C        D        E       F      G
               +--------+--------+--------+--------+--------+-----+--------+
         Total |   9254 |   9024 |    230 |   1054 |   6715 |   7 | 1322.0 |
       Dungeon |   9254 |   9024 |    230 |   1054 |   6715 |   7 | 1322.0 |
               +--------+--------+--------+--------+--------+-----+--------+

Top non-repeatable levels by time:
     D:5: 2044 daAuts
     D:4: 1687 daAuts
     D:1: 1564 daAuts
     D:7: 1202 daAuts
     D:3: 1043 daAuts
     D:6: 945 daAuts
     D:2: 767 daAuts
